MID
BINGHAMTON METS @ DAYTON DRAGONS
08/22/2045
 
TOP OF THE 1ST
Binghamton Mets batting - Pitching for Dayton Dragons : LHP Mark Sandoval
Pitching: LHP Mark Sandoval
Batting: RHB Tetsuhiro Taki 0-0: Called Strike
0-1: Called Strike
0-2: Ball
1-2: Ground out 6-3 (Groundball, 6, EV 87.5 MPH)
Batting: RHB David Stayton 0-0: Called Strike
0-1: Ball
1-1: Foul Ball, location: 2F
1-2: Ball
2-2: Ball
3-2: Foul Ball, location: 2F
3-2: Foul Ball, location: 2F
3-2: Base on Balls
Batting: RHB Bobby Mabrey 0-0: Ball
Passed Ball!
David Stayton to second
1-0: Swinging Strike
1-1: Ball
Wild Pitch!
David Stayton to third
2-1: Foul Ball, location: 2F
2-2: Strikes out swinging, 2-3 out at first.
Batting: RHB Gang-sheng Chew 0-0: Foul Ball, location: 2F
0-1: Foul Ball, location: 2F
0-2: Foul Ball, location: 2F
0-2: Ball
1-2: Strikes out swinging
Top of the 1st over - 0 runs, 0 hits, 0 errors, 1 left on base; Binghamton 0 - Dayton 0
BOTTOM OF THE 1ST
Dayton Dragons batting - Pitching for Binghamton Mets : RHP Felipe Hinojosa
Pitching: RHP Felipe Hinojosa
Batting: LHB Fernando Gomez 0-0: Ball
1-0: Called Strike
1-1: Ball
2-1: Foul Ball, location: 2F
2-2: Foul Ball, location: 2F
2-2: Foul Ball, location: 2F
2-2: Ball
3-2: Base on Balls
Batting: LHB Leo Gomez 0-0: Called Strike
0-1: Foul Ball, location: 2F
0-2: Strikes out swinging
Batting: LHB David Moore 0-0: Ball
1-0: Ball
Fernando Gomez steals 2nd base
2-0: Called Strike
2-1: DOUBLE (Flyball, 89XD, EV 113.8 MPH)
Fernando Gomez scores
Batting: LHB Matthew Berry 0-0: Fly out, F9 (Flyball, 9LS, EV 90.0 MPH)
Batting: LHB Brian Dickeson 0-0: Swinging Strike
0-1: Foul Ball, location: 2F
0-2: Ball
1-2: Ground out 5-3 (Groundball, 56, EV 101.9 MPH)
Bottom of the 1st over - 1 run, 1 hit, 0 errors, 1 left on base; Binghamton 0 - Dayton 1
TOP OF THE 2ND
Binghamton Mets batting - Pitching for Dayton Dragons : LHP Mark Sandoval
Batting: SHB Tadaaki Kondo 0-0: Called Strike
0-1: Ball
1-1: Swinging Strike
1-2: Foul Ball, location: 2F
1-2: Foul Ball, location: 2F
1-2: Strikes out looking
Batting: LHB Adam Barry 0-0: Called Strike
0-1: Ball
1-1: SINGLE (Flyball, 8LS, EV 87.5 MPH)
Batting: LHB Javy Cavazos 0-0: Fielders Choice at 2nd, 3-6 (Groundball, 3S, EV 85.0 MPH)
Batting: SHB Julio Ramos 0-0: Swinging Strike
0-1: Foul Ball, location: 2F
0-2: Ball
1-2: Foul Ball, location: 2F
1-2: Fly out, F8 (Flyball, 89D, EV 98.8 MPH)
Top of the 2nd over - 0 runs, 1 hit, 0 errors, 1 left on base; Binghamton 0 - Dayton 1
BOTTOM OF THE 2ND
Dayton Dragons batting - Pitching for Binghamton Mets : RHP Felipe Hinojosa
Batting: SHB Bryan Johnston 0-0: Swinging Strike
0-1: Ball
1-1: Foul Ball, location: 2F
1-2: Foul Ball, location: 2F
1-2: Ball
2-2: Ball
3-2: Ground out U3 (Groundball, 34S, EV 87.5 MPH)
Batting: LHB Nick Nino 0-0: Ball
1-0: Foul Ball, location: 2F
1-1: Ball
2-1: Foul Ball, location: 2F
2-2: DOUBLE (Line Drive, 7LS, EV 90.6 MPH)
Batting: LHB Andrew Hamm 0-0: Foul Ball, location: 2F
0-1: Ball
1-1: SINGLE (Groundball, P, EV 95.6 MPH)
Nick Nino to third
Runner from 3rd tries for Home, SAFE, throw by CF to home
Batting: RHB Marcus Carter 0-0: Ball
1-0: Swinging Strike
1-1: Foul Ball, location: 2F
1-2: Strikes out looking
Batting: LHB Fernando Gomez 0-0: Called Strike
0-1: Ball
1-1: Ball
2-1: Foul Ball, location: 2F
2-2: Fly out, F6 (Popup, 6, EV 57.5 MPH)
Bottom of the 2nd over - 1 run, 2 hits, 0 errors, 1 left on base; Binghamton 0 - Dayton 2
TOP OF THE 3RD
Binghamton Mets batting - Pitching for Dayton Dragons : LHP Mark Sandoval
Batting: LHB Mike Pesek 0-0: Ball
1-0: SINGLE (Groundball, 4MD, EV 102.5 MPH)
Batting: RHB Tetsuhiro Taki 0-0: Foul Ball, location: 2F
0-1: Fly out, F8 (Flyball, 8LD, EV 86.9 MPH)
Batting: RHB David Stayton 0-0: Ball
1-0: Foul Ball, location: 2F
1-1: Ball
2-1: Grounds into double play, 6-4-3 (Groundball, 6M, EV 100.6 MPH)
Top of the 3rd over - 0 runs, 1 hit, 0 errors, 0 left on base; Binghamton 0 - Dayton 2
BOTTOM OF THE 3RD
Dayton Dragons batting - Pitching for Binghamton Mets : RHP Felipe Hinojosa
Batting: LHB Leo Gomez 0-0: Swinging Strike
0-1: Foul Ball, location: 2F
0-2: Ball
1-2: Fly out, F7 (Line Drive, 7, EV 111.2 MPH)
Batting: LHB David Moore 0-0: Ball
1-0: Foul Ball, location: 2F
1-1: Ball
2-1: Foul Ball, location: 2F
2-2: Foul Ball, location: 2F
2-2: Ball
3-2: Base on Balls
Batting: LHB Matthew Berry 0-0: Fly out, F3 (Flyball, 3D, EV 89.4 MPH)
Batting: LHB Brian Dickeson 0-0: Foul Ball, location: 2F
0-1: Ball
1-1: Ball
2-1: DOUBLE (Line Drive, 89D, EV 99.4 MPH)
David Moore to third
Runner from 3rd tries for Home, SAFE, throw by RF to trailing runner, SAFE at third!
Batting: SHB Bryan Johnston 0-0: Ball
1-0: Swinging Strike
1-1: Foul Ball, location: 2F
1-2: Strikes out looking
Bottom of the 3rd over - 1 run, 1 hit, 0 errors, 1 left on base; Binghamton 0 - Dayton 3
TOP OF THE 4TH
Binghamton Mets batting - Pitching for Dayton Dragons : LHP Mark Sandoval
Batting: RHB Bobby Mabrey 0-0: Ball
1-0: Fly out, F4 (Line Drive, 4, EV 76.2 MPH)
Batting: RHB Gang-sheng Chew 0-0: Ball
1-0: Swinging Strike
1-1: Ground out 5-3 (Groundball, 5, EV 88.8 MPH)
Batting: SHB Tadaaki Kondo 0-0: Ball
1-0: Foul Ball, location: 2F
1-1: Swinging Strike
1-2: Strikes out swinging
Top of the 4th over - 0 runs, 0 hits, 0 errors, 0 left on base; Binghamton 0 - Dayton 3
BOTTOM OF THE 4TH
Dayton Dragons batting - Pitching for Binghamton Mets : RHP Felipe Hinojosa
Batting: LHB Nick Nino 0-0: Called Strike
0-1: Ground out 2-3 (Groundball, 2L, EV 65.6 MPH)
Batting: LHB Andrew Hamm 0-0: Ball
1-0: Ball
2-0: Called Strike
2-1: Ball
3-1: Called Strike
3-2: Base on Balls
Batting: RHB Marcus Carter 0-0: Ball
1-0: Ball
2-0: Ball
3-0: Called Strike
3-1: Foul Ball, location: 2F
3-2: Foul Ball, location: 2F
3-2: Strikes out swinging
Batting: LHB Fernando Gomez 0-0: Ball
1-0: Ball
Andrew Hamm steals 2nd, throwing error, E2
Andrew Hamm to third
2-0: Foul Ball, location: 2F
2-1: Ground out 6-3 (Groundball, 4M, EV 79.4 MPH)
Bottom of the 4th over - 0 runs, 0 hits, 1 error, 1 left on base; Binghamton 0 - Dayton 3
TOP OF THE 5TH
Binghamton Mets batting - Pitching for Dayton Dragons : LHP Mark Sandoval
Batting: LHB Adam Barry 0-0: Called Strike
0-1: Ball
1-1: Ball
2-1: Ball
3-1: Called Strike
3-2: Fly out, F7 (Flyball, 78S, EV 81.2 MPH)
Batting: LHB Javy Cavazos 0-0: Ball
1-0: Called Strike
1-1: Swinging Strike
1-2: Fly out, F7 (Flyball, 7LD, EV 100.0 MPH)
Batting: SHB Julio Ramos 0-0: Called Strike
0-1: Foul Ball, location: 2F
0-2: Strikes out looking
Top of the 5th over - 0 runs, 0 hits, 0 errors, 0 left on base; Binghamton 0 - Dayton 3
BOTTOM OF THE 5TH
Dayton Dragons batting - Pitching for Binghamton Mets : RHP Felipe Hinojosa
Batting: LHB Leo Gomez 0-0: Reached on error, E6 (Groundball, 6, EV 91.2 MPH)
Batting: LHB David Moore 0-0: Ball
1-0: Ground out U3 (Groundball, 34, EV 98.8 MPH)
Leo Gomez to third
Batting: LHB Matthew Berry 0-0: SINGLE (Line Drive, 5D, EV 95.0 MPH)
Leo Gomez scores
Batting: LHB Brian Dickeson 0-0: Ball
1-0: Ball
2-0: Ball
3-0: Called Strike
3-1: Called Strike
3-2: Foul Ball, location: 2F
3-2: SINGLE (Groundball, 6S, EV 72.5 MPH) (infield hit)
Matthew Berry to second
Batting: SHB Bryan Johnston 0-0: Called Strike
0-1: Ball
1-1: Ball
2-1: Ground out 3-1 (Groundball, 13, EV 85.6 MPH)
Matthew Berry to third
Brian Dickeson to second
Batting: LHB Nick Nino 0-0: Ball
1-0: Called Strike
1-1: Foul Ball, location: 2F
1-2: Ground out 1-3 (Groundball, 13S, EV 72.5 MPH)
Bottom of the 5th over - 1 run, 2 hits, 1 error, 2 left on base; Binghamton 0 - Dayton 4
TOP OF THE 6TH
Binghamton Mets batting - Pitching for Dayton Dragons : LHP Mark Sandoval
Batting: LHB Mike Pesek 0-0: Ball
1-0: Called Strike
1-1: Ball
2-1: Foul Ball, location: 2F
2-2: Foul Ball, location: 2F
2-2: Strikes out swinging
Batting: RHB Tetsuhiro Taki 0-0: Swinging Strike
0-1: Ball
1-1: Ball
2-1: Called Strike
2-2: Fly out, F3 (Popup, 3F, EV 60.6 MPH)
Batting: RHB David Stayton 0-0: Ball
1-0: Ball
2-0: Ball
3-0: Called Strike
3-1: Swinging Strike
3-2: Foul Ball, location: 2F
3-2: Strikes out swinging
Top of the 6th over - 0 runs, 0 hits, 0 errors, 0 left on base; Binghamton 0 - Dayton 4
BOTTOM OF THE 6TH
Dayton Dragons batting - Pitching for Binghamton Mets : RHP Felipe Hinojosa
Pitching: RHP Iwao Machida
Batting: LHB Andrew Hamm 0-0: Ball
1-0: Swinging Strike
1-1: Foul Ball, location: 2F
1-2: Strikes out swinging
Batting: RHB Marcus Carter 0-0: Called Strike
0-1: Ball
1-1: Ball
2-1: Swinging Strike
2-2: Ball
3-2: Foul Ball, location: 2F
3-2: Base on Balls
Batting: LHB Fernando Gomez 0-0: Called Strike
0-1: Called Strike
0-2: Fly out, F7 (Flyball, 7, EV 88.1 MPH)
Batting: LHB Leo Gomez 0-0: Ball
1-0: Called Strike
1-1: Ball
2-1: Foul Ball, location: 2F
2-2: Ball
3-2: Strikes out looking
Bottom of the 6th over - 0 runs, 0 hits, 0 errors, 1 left on base; Binghamton 0 - Dayton 4
TOP OF THE 7TH
Binghamton Mets batting - Pitching for Dayton Dragons : LHP Mark Sandoval
Batting: RHB Bobby Mabrey 0-0: Foul Ball, location: 2F
0-1: Called Strike
0-2: Ball
1-2: Strikes out swinging
Pitching: RHP Tim Beck
Batting: RHB Gang-sheng Chew 0-0: Ball
1-0: Foul Ball, location: 2F
1-1: Ball
2-1: Ball
3-1: Called Strike
3-2: Base on Balls
Batting: SHB Tadaaki Kondo 0-0: Called Strike
0-1: Ball
1-1: Foul Ball, location: 2F
1-2: Fielders Choice at 2nd, 5-6 (Groundball, 56, EV 102.5 MPH)
Batting: LHB Adam Barry 0-0: Ball
1-0: Ball
2-0: Ball
3-0: Called Strike
3-1: SINGLE (Groundball, 56D, EV 103.8 MPH)
Tadaaki Kondo to second
Batting: LHB Javy Cavazos 0-0: Foul Ball, location: 2F
0-1: Foul Ball, location: 2F
0-2: Ball
1-2: Strikes out swinging
Top of the 7th over - 0 runs, 1 hit, 0 errors, 2 left on base; Binghamton 0 - Dayton 4
BOTTOM OF THE 7TH
Dayton Dragons batting - Pitching for Binghamton Mets : RHP Iwao Machida
Pitching: RHP Alex Sandidge
Batting: LHB David Moore 0-0: Called Strike
0-1: Ball
1-1: Ball
2-1: Swinging Strike
2-2: Fly out, F6 (Flyball, 4MD, EV 88.1 MPH)
Batting: LHB Matthew Berry 0-0: Ball
1-0: Swinging Strike
1-1: Ball
2-1: Ball
3-1: Called Strike
3-2: Base on Balls
Batting: LHB Brian Dickeson 0-0: Ball
1-0: Called Strike
1-1: Called Strike
1-2: Strikes out swinging
Batting: SHB Bryan Johnston 0-0: Called Strike
0-1: SINGLE (Groundball, 25, EV 66.9 MPH) (infield hit)
Matthew Berry to second
Batting: LHB Nick Nino 0-0: Called Strike
0-1: Called Strike
0-2: Foul Ball, location: 2F
0-2: Ball
1-2: Ball
2-2: Fielders Choice at 2nd, 6-4 (Groundball, 6, EV 82.5 MPH)
Bottom of the 7th over - 0 runs, 1 hit, 0 errors, 2 left on base; Binghamton 0 - Dayton 4
TOP OF THE 8TH
Binghamton Mets batting - Pitching for Dayton Dragons : RHP Tim Beck
Pitching: RHP Giovonni Morgia
Batting: SHB Julio Ramos 0-0: Ball
1-0: Ball
2-0: Ball
3-0: Base on Balls
Batting: LHB Mike Pesek 0-0: Ball
1-0: Swinging Strike
1-1: Ball
2-1: Ball
3-1: Fly out, F7 (Line Drive, 7, EV 98.1 MPH)
Pinch Hitting: LHB Bayesa Mundhir 0-0: Ball
Passed Ball!
Julio Ramos to second
1-0: Foul Ball, location: 2F
1-1: Ball
2-1: Ground out 6-3 (Groundball, 6, EV 110.6 MPH)
Batting: RHB David Stayton 0-0: Called Strike
0-1: Foul Ball, location: 2F
0-2: Foul Ball, location: 2F
0-2: Ball
1-2: Ball
2-2: Fly out, F7 (Flyball, 7LS, EV 88.1 MPH)
Top of the 8th over - 0 runs, 0 hits, 0 errors, 1 left on base; Binghamton 0 - Dayton 4
BOTTOM OF THE 8TH
Dayton Dragons batting - Pitching for Binghamton Mets : RHP Alex Sandidge
Pitching: RHP Alastair Henry
Now at SS: Ben Herman
Batting: LHB Andrew Hamm 0-0: Swinging Strike
0-1: Foul Ball, location: 2F
0-2: Ball
1-2: Ground out 4-3 (Groundball, 4, EV 82.5 MPH)
Batting: RHB Marcus Carter 0-0: Called Strike
0-1: Ground out 4-3 (Groundball, 4, EV 86.2 MPH)
Batting: LHB Fernando Gomez 0-0: Ball
1-0: Foul Ball, location: 2F
1-1: DOUBLE (Line Drive, 3D, EV 98.1 MPH)
Pinch Runner at 2nd John Galluzzo:
Batting: LHB Leo Gomez 0-0: Called Strike
0-1: Called Strike
0-2: Fly out, F5 (Flyball, 5D, EV 89.4 MPH)
Bottom of the 8th over - 0 runs, 1 hit, 0 errors, 1 left on base; Binghamton 0 - Dayton 4
TOP OF THE 9TH
Binghamton Mets batting - Pitching for Dayton Dragons : RHP Giovonni Morgia
Pitching: RHP Joe Green
Now at 2B: John Galluzzo
Now at 3B: Marcus Carter
Batting: RHB Bobby Mabrey 0-0: Ball
1-0: SINGLE (Flyball, 6D, EV 95.0 MPH)
Batting: RHB Gang-sheng Chew 0-0: Called Strike
0-1: Ball
1-1: Fly out, F9 (Flyball, 9D, EV 87.5 MPH)
Batting: SHB Tadaaki Kondo 0-0: Ball
1-0: SINGLE (Groundball, 6D, EV 96.2 MPH)
Bobby Mabrey to second
Pitching: RHP Justin Ambrose
Batting: LHB Adam Barry 0-0: Called Strike
0-1: Fly out, F3 (Line Drive, 3, EV 63.8 MPH)
Lined into DP, U3 (Line Drive, 3, EV 68.8 MPH)
Top of the 9th over - 0 runs, 2 hits, 0 errors, 1 left on base; Binghamton 0 - Dayton 4
Wednesday, June 22nd , 2022 - OOTP Baseball 23.4 Build 64